 Dungeon Crawl Stone Soup version 0.17.1-3-g152610e (webtiles) character file.

55985 Charly the Martial Artist (level 14, -1/109 HPs)
             Began as a Demonspawn Transmuter on Apr 23, 2016.
             Was a High Priest of Cheibriados.
             Slain by an emperor scorpion (3 damage)
             ... on level 4 of the Spider Nest.
             The game lasted 01:44:48 (5096 turns).

Charly the Martial Artist (Demonspawn Transmuter)   Turns: 5096, Time: 01:44:53

Health: -1/109     AC: 24    Str: 22    XL:     14   Next: 40%
Magic:  0/23       EV: 19    Int: 31    God:    Cheibriados [*****.]
Gold:   664        SH:  0    Dex: 26    Spells: 4 memorised, 11 levels left

rFire  . . .     SeeInvis +       - Unarmed
rCold  . . .     Clarity  .     y - +5 scale mail "Fudoi" {*Corrode Dex+2 SInv}
rNeg   . . .     SustAt   .     (no shield)
rPois  .         Gourm    .     (helmet restricted)
rElec  .         Spirit   +     o - +1 cloak
rCorr  +         Warding  .     f - +0 pair of gloves {archery}
rMut   .         Stasis   .     l - +2 pair of boots {Fly}
MR     +....                    (no amulet)
Stlth  +.........               i - ring of invisibility
                                g - +5 ring of slaying

@: lethally poisoned (-1 -> -14), flying, very slightly contaminated, very slow,
somewhat resistant to hostile enchantments, very unstealthy
A: antennae 2, yellow scales 3, spiny 1, magic shield
a: Bend Time, Temporal Distortion, Slouch, Step From Time, Renounce Religion,
Evoke Invisibility, Stop Flying


You were on level 4 of the Spider Nest.
You worshipped Cheibriados.
Cheibriados was extremely pleased with you.
You were not hungry.

You visited 5 branches of the dungeon, and saw 28 of its levels.

You collected 1314 gold pieces.
You spent 650 gold pieces at shops.

Inventory:

Hand Weapons
 b - a +1 blowgun
Missiles
 a - 56 arrows
 h - 21 poisoned needles
 k - 2 tomahawks of dispersal (quivered)
Armour
 f - a +0 pair of gloves of archery (worn)
 l - a +2 pair of boots of flying (worn)
 o - a +1 cloak (worn)
 y - the +5 scale mail "Fudoi" (worn) {*Corrode Dex+2 SInv}
   (You bought it in a shop on level 10 of the Dungeon)

   It affects your dexterity (+2).
   It lets you see invisible.
   It may corrode your equipment when you take damage.
Jewellery
 g - a +5 ring of slaying (left hand)
 i - a ring of invisibility (right hand)
 t - an uncursed ring of teleportation
 w - the ring "Isueqimoi" {MP+9 Str+4}
   (You found it on level 9 of the Dungeon)

   [ring of strength]

   It affects your strength (+4).
   It affects your magic capacity (+9).
Wands
 e - a wand of slowing (38)
 q - a wand of paralysis (11)
 u - a wand of slowing (38)
 A - a wand of heal wounds (5)
 D - a wand of teleportation (5)
 F - a wand of disintegration (21)
Scrolls
 c - 2 scrolls of teleportation
 r - a scroll of remove curse
 v - a scroll of recharging
 C - 2 scrolls of magic mapping
Potions
 j - 6 potions of curing
 n - 2 potions of brilliance
 p - 2 potions of agility
 s - 2 potions of resistance
 x - 2 potions of cure mutation {unknown}
 z - a potion of might
 E - a potion of lignification
 G - 3 potions of flight {unknown}
Comestibles
 d - 6 bread rations
 B - 2 meat rations


   Skills:
 + Level 9.7 Fighting
 + Level 8.3 Armour
 + Level 9.1 Dodging
 * Level 13.4 Unarmed Combat
 - Level 6.2 Spellcasting
 - Level 8.4 Transmutations
 - Level 5.0 Invocations
 + Level 7.2 Evocations


You had 11 spell levels left.
You knew the following spells:

 Your Spells              Type           Power        Failure   Level  Hunger
h - Blade Hands           Trmt           ######....   12%         5    #####..
s - Sticks to Snakes      Trmt           ######....   1%          2    None
I - Ice Form              Ice/Trmt       #####...     21%         4    ##.....
S - Spider Form           Trmt/Pois      #####.....   8%          3    None


Dungeon Overview and Level Annotations

Branches:
Dungeon (11/15)            Temple (1/1) D:5            Lair (8/8) D:8
 Shoals (0/4) Lair:4       Spider (4/4) Lair:6        Slime (0/6) Lair:8
    Orc (4/4) D:10
    Elf: Orc:3-4

Altars:
Ashenzari
Cheibriados
Dithmenos
Elyvilon
Fedhas
Makhleb
Okawaru
Ru
Sif Muna
Trog
Vehumet
Xom
Yredelemnul
Zin
The Shining One

Shops:
D:10 [((%*

Annotations:
D:9 Charly's ghost, novice DsNe


Innate Abilities, Weirdness & Mutations

You have a pair of antennae on your head.
You are completely covered in yellow scales (AC +4, rCorr).
You are partially covered in sharp spines.
When hurt, damage is shared between your health and your magic reserves.


Message History

Okay, then.
Drink which item? (? for menu, Esc to quit)
Okay, then.
Drink which item? (? for menu, Esc to quit)
Okay, then.
Drink which item? (? for menu, Esc to quit)
You feel much better.
You feel sick.
The emperor scorpion is struck by your spines.
The emperor scorpion stings you!
* * * LOW HITPOINT WARNING * * *
The emperor scorpion closely misses you.
The emperor scorpion misses you. The emperor scorpion stings you!
* * * LOW HITPOINT WARNING * * *
The emperor scorpion claws you.
* * * LOW HITPOINT WARNING * * *
The emperor scorpion closely misses you.
The emperor scorpion is struck by your spines.
The emperor scorpion stings you but does no damage.
The emperor scorpion claws you.
You die...

#≈..# { #^..#
≈≈≈.#...
##..##{≈≈....#
#...# ..s...
#^.[# ....#
#...# ....#
#.≈.## #s.^#
#....# #ss#
#....###@#
#...≈....#
##.......#
##...≈.##
##....# ######


You could see 4 emperor scorpions.

Vanquished Creatures
  2 ghost moths (Spider:3)
  2 emperor scorpions (Spider:4)
  4 dire elephants (Lair:8)
  A catoblepas (Lair:8)
  A hydra (Lair:5)
  An anaconda (Lair:8)
  A death yak (Lair:5)
  A hill giant (D:10)
  A necromancer (Lair:8)
  The ghost of moxian the Thaumaturge, a novice DECj of Vehumet (D:8)
  A griffon (Lair:5)
  9 orb spiders
  An orc sorcerer (Orc:1)
  18 elephants
  10 wolf spiders
  A hornet (Spider:4)
  A moth of wrath (Spider:4)
  8 spiny frogs
  4 black mambas
  5 demonic crawlers
  8 komodo dragons
  A troll (Orc:3)
  A two-headed ogre (D:8)
  8 jumping spiders
  2 polar bears (Lair:6)
  5 tarantellas
  9 blink frogs
  15 yaks
  23 redbacks
  A wyvern (D:10)
  4 hippogriffs
  9 trapdoor spiders
  A basilisk (Lair:6)
  15 wolves
  3 wargs
  8 porcupines
  11 water moccasins
  7 orc warriors
  A phantom (D:10)
  11 spiders
  A black bear (D:9)
  A sky beast (D:9)
  2 centaurs
  4 ogres
  7 crocodiles
  A big kobold (D:10)
  6 giant frogs
  2 scorpions
  An electric eel (Spider:4)
  9 orc wizards
  A quasit (D:8)
  A giant frog zombie (D:8)
  A hound (D:5)
  An iguana (Lair:6)
  9 orc priests
  4 jellies
  3 polar bear simulacra (Lair:8)
  2 wolf simulacra (Lair:8)
  2 centaur skeletons
  A yak simulacrum (Lair:8)
  A sheep (D:8)
  A hound zombie (D:9)
  A hound skeleton (D:10)
  8 adders
  A worker ant zombie (D:8)
  19 river rats
  A shadow imp (D:5)
  2 oozes (Lair:8)
  A giant gecko (D:2)
  89 orcs
  A ball python (D:1)
  2 bats (D:1)
  3 goblins (D:1)
  4 hobgoblins
  2 jackals (D:8)
  6 kobolds
  A giant gecko zombie (D:9)
  A jackal skeleton (D:5)
  2 quokkas
  2 quokka skeletons (D:5)
  14 rats
  5 river rat simulacra (Lair:8)
  A fungus (Lair:6)
  4 plants (Lair:8)
447 creatures vanquished.

Vanquished Creatures (collateral kills)
  A kobold (D:1)
1 creature vanquished.

Vanquished Creatures (others)
  A torpor snail (Lair:8)
  A blink frog (Lair:8)
  A porcupine (Lair:8)
  An orc (Orc:1)
  23 fungi (Lair:8)
  9 plants (Lair:8)
36 creatures vanquished.

Grand Total: 484 creatures vanquished

Notes
Turn   | Place    | Note
--------------------------------------------------------------
     0 | D:1      | Charly the Demonspawn Transmuter began the quest for the Orb.
     0 | D:1      | Reached XP level 1. HP: 15/15 MP: 3/3
   106 | D:1      | Gained mutation: You are partially covered in yellow scales (AC +2). [demonic ancestry]
   106 | D:1      | Reached XP level 2. HP: 8/21 MP: 3/5
   120 | D:1      | Learned a level 2 spell: Sticks to Snakes
   131 | D:1      | Reached skill level 3 in Unarmed Combat
   241 | D:1      | slay
   290 | D:2      | Found a bloodstained altar of Trog.
   375 | D:2      | boot fly
   385 | D:2      | Reached XP level 3. HP: 13/26 MP: 1/6
   390 | D:2      | Learned a level 3 spell: Spider Form
   527 | D:5      | Entered Level 5 of the Dungeon
   574 | D:5      | Gained mutation: You have a pair of small antennae on your head. [demonic ancestry]
   574 | D:5      | Reached XP level 4. HP: 27/32 MP: 5/7
   575 | D:5      | NOOOOOOOOOOOOOOOOOOOOOOOOOOOOOOOOOOOOOOOOOOOOOOOOOOOOOOOOOOOOOOOOOOOOOOOOOOOOOOOOOOOOOOOOOOOOOOOOOOOOOOOOOOOOOOOOOOOOOOOOOOOOOOOOOOOOOOOOOOOOOOOOOOOOOOOOOO
   575 | D:5      | REMOVE THIS MUTTTTTTTTTTTTTTTTTTTTTTTTTTTTTTTTTTTTTTTT
   591 | D:5      | Noticed a giant frog
   597 | D:5      | Killed a giant frog
   597 | D:5      | Reached skill level 4 in Unarmed Combat
   597 | D:5      | Reached XP level 5. HP: 33/37 MP: 4/8
   758 | D:5      | Found a shadowy altar of Dithmenos.
   765 | D:5      | tele
   796 | D:6      | Noticed a centaur
   809 | D:5      | Found a staircase to the Ecumenical Temple.
   818 | Temple   | Entered the Ecumenical Temple
   863 | Temple   | Became a worshipper of Cheibriados the Contemplative
   906 | D:6      | Killed a centaur
   906 | D:6      | Reached skill level 5 in Unarmed Combat
  1008 | D:7      | Gained mutation: You are partially covered in sharp spines. [demonic ancestry]
  1008 | D:7      | Reached XP level 6. HP: 33/43 MP: 7/9
  1101 | D:8      | Noticed a yak
  1110 | D:8      | Reached skill level 6 in Unarmed Combat
  1123 | D:8      | Gained mutation: You have a pair of antennae on your head. [demonic ancestry]
  1123 | D:8      | Reached XP level 7. HP: 28/51 MP: 2/10
  1124 | D:8      | FUCKIGN ANTENNAE
  1129 | D:8      | LAIR d8
  1174 | D:9      | Reached * piety under Cheibriados
  1180 | D:10     | Entered Level 10 of the Dungeon
  1192 | D:9      | Got an ancient tin ring
  1194 | D:9      | Identified the ring "Isueqimoi" {MP+9 Str+4} (You found it on level 9 of the Dungeon)
  1228 | D:8      | Killed a yak
  1235 | D:8      | Noticed moxian's ghost (novice DECj)
  1288 | D:7      | Reached skill level 7 in Unarmed Combat
  1333 | D:9      | Reached XP level 8. HP: 40/59 MP: 11/11
  1355 | D:9      | Noticed Charly's ghost (novice DsNe)
  1451 | D:8      | Noticed a two-headed ogre
  1460 | D:8      | Killed a two-headed ogre
  1509 | D:10     | Found Colaest's General Store.
  1613 | D:9      | Found a burning altar of Makhleb.
  1613 | D:9      | Noticed a blizzard demon
  1632 | D:9      | Reached skill level 8 in Unarmed Combat
  1667 | D:10     | Learned a level 4 spell: Ice Form
  1670 | D:10     | Found a staircase to the Orcish Mines.
  1672 | D:10     | Noticed a wyvern
  1685 | D:10     | Found Tocal's Antique Armour Boutique.
  1693 | D:10     | Bought an ichor-stained scale mail for 234 gold pieces
  1702 | D:10     | Killed a wyvern
  1713 | D:10     | Identified the +5 scale mail "Fudoi" {*Corrode Dex+2 SInv} (You bought it in a shop on level 10 of the Dungeon)
  1713 | D:10     | Found Testriuma's Weapon Emporium.
  1747 | Orc:1    | Entered Level 1 of the Orcish Mines
  1752 | Orc:1    | Reached ** piety under Cheibriados
  1757 | Orc:1    | Noticed an orc sorcerer
  1762 | Orc:1    | Noticed a hellwing
  1763 | Orc:1    | Killed an orc sorcerer
  1763 | Orc:1    | Reached skill level 5 in Fighting
  1763 | Orc:1    | Reached skill level 1 in Armour
  1763 | Orc:1    | Gained mutation: You are mostly covered in yellow scales (AC +3). [demonic ancestry]
  1763 | Orc:1    | Reached XP level 9. HP: 68/68 MP: 12/12
  1769 | Orc:1    | Reached skill level 5 in Dodging
  1839 | Orc:1    | Reached skill level 9 in Unarmed Combat
  1915 | Orc:2    | Reached *** piety under Cheibriados
  2072 | Orc:4    | Entered Level 4 of the Orcish Mines
  2150 | Orc:2    | Reached **** piety under Cheibriados
  2181 | Orc:3    | Reached skill level 1 in Invocations
  2186 | Orc:3    | Reached XP level 10. HP: 22/76 MP: 13/13
  2295 | Orc:2    | Reached skill level 10 in Unarmed Combat
  2299 | Orc:2    | Found Yduogre's Jewellery Shop.
  2417 | D:10     | Bought a pair of runed gloves for 117 gold pieces
  2417 | D:10     | Bought an emerald-encrusted leather armour for 182 gold pieces
  2417 | D:10     | Bought a glowing cloak for 117 gold pieces
  2442 | D:10     | Identified the cursed +1 leather armour of the Sunfish {+Inv rPois rC- SInv} (You bought it in a shop on level 10 of the Dungeon)
  2493 | D:10     | Found Zomme's Food Boutique.
  2494 | D:10     | Noticed a hill giant
  2502 | D:10     | Killed a hill giant
  2502 | D:10     | Reached skill level 5 in Invocations
  2576 | D:10     | Found Bohi's Weapon Shoppe.
  2648 | D:8      | Reached ***** piety under Cheibriados
  2681 | D:8      | Killed moxian's ghost
  2733 | D:8      | Found a staircase to the Lair.
  2734 | D:8      | Noticed an elephant
  2745 | D:8      | Killed an elephant
  2745 | D:8      | Reached skill level 5 in Transmutations
  2759 | Lair:1   | Entered Level 1 of the Lair of Beasts
  2864 | Lair:2   | Learned a level 5 spell: Blade Hands
  2919 | Lair:3   | Noticed a six-headed hydra
  2935 | Lair:3   | Noticed an elephant
  2948 | Lair:3   | Killed an elephant
  2959 | Lair:3   | Gained mutation: When hurt, damage is shared between your health and your magic reserves. [demonic ancestry]
  2959 | Lair:3   | Reached XP level 11. HP: 22/81 MP: 17/17
  2960 | Lair:3   | :/
  3044 | Lair:3   | Noticed a seven-headed hydra
  3146 | Lair:4   | Found a staircase to the Shoals.
  3327 | Lair:4   | Reached skill level 5 in Spellcasting
  3377 | Lair:5   | Noticed a seven-headed hydra
  3386 | Lair:5   | Killed a seven-headed hydra
  3460 | Lair:5   | Noticed a death yak
  3466 | Lair:5   | Noticed a death yak
  3467 | Lair:5   | Noticed a death yak
  3469 | Lair:5   | Noticed a death yak
  3469 | Lair:5   | Killed a death yak
  3469 | Lair:5   | Reached skill level 5 in Armour
  3473 | Lair:5   | Noticed a death yak
  3506 | Lair:5   | Noticed a death yak
  3509 | Lair:5   | Noticed a death yak
  3566 | Lair:5   | Reached skill level 1 in Evocations
  3641 | Lair:6   | Reached XP level 12. HP: 34/89 MP: 10/21
  3712 | Lair:6   | Identified a scroll of acquirement
  3805 | Lair:7   | Reached skill level 11 in Unarmed Combat
  3941 | Lair:8   | Entered Level 8 of the Lair of Beasts
  3941 | Lair:8   | Found a staircase to the Slime Pits.
  4298 | Lair:8   | Noticed a catoblepas
  4303 | Lair:8   | Killed a catoblepas
  4311 | Lair:8   | Noticed an anaconda
  4317 | Lair:8   | Killed an anaconda
  4324 | Lair:8   | Noticed a dire elephant
  4324 | Lair:8   | Noticed a dire elephant
  4328 | Lair:8   | Killed a dire elephant
  4328 | Lair:8   | Gained mutation: You are completely covered in yellow scales (AC +4, rCorr). [demonic ancestry]
  4328 | Lair:8   | Reached XP level 13. HP: 84/98 MP: 22/22
  4336 | Lair:8   | Killed a dire elephant
  4392 | Lair:8   | Noticed a dire elephant
  4401 | Lair:8   | Killed a dire elephant
  4401 | Lair:8   | Reached skill level 12 in Unarmed Combat
  4415 | Lair:8   | Reached skill level 5 in Evocations
  4429 | Lair:8   | Noticed a dire elephant
  4437 | Lair:8   | Killed a dire elephant
  4458 | Lair:8   | Reached ****** piety under Cheibriados
  4469 | Lair:8   | Noticed a seven-headed hydra
  4563 | Lair:6   | Found a hole to the Spider Nest.
  4585 | Spider:1 | Entered Level 1 of the Spider Nest
  4755 | Spider:4 | Entered Level 4 of the Spider Nest
  4811 | Spider:3 | Noticed a ghost moth
  4811 | Spider:3 | Noticed a ghost moth
  4830 | Spider:4 | Reached XP level 14. HP: 58/108 MP: 5/23
  4836 | Spider:3 | Killed a ghost moth
  4836 | Spider:3 | Reached skill level 13 in Unarmed Combat
  4841 | Spider:3 | Killed a ghost moth
  4918 | Spider:4 | Noticed an emperor scorpion
  4926 | Spider:4 | Killed an emperor scorpion
  4958 | Spider:4 | Noticed a ghost moth
  4958 | Spider:4 | Noticed an emperor scorpion
  4973 | Spider:4 | Killed an emperor scorpion
  5088 | Spider:4 | Noticed an emperor scorpion
  5091 | Spider:4 | Noticed an emperor scorpion
  5092 | Spider:4 | Noticed an emperor scorpion
  5095 | Spider:4 | Noticed an emperor scorpion
  5096 | Spider:4 | HP: 2/109 [emperor scorpion (6)]
  5096 | Spider:4 | Slain by an emperor scorpion

Action                   |  1- 3 |  4- 6 |  7- 9 | 10-12 | 13-15 || total
-------------------------+-------+-------+-------+-------+-------++-------
Melee: Unarmed           |    88 |    45 |   213 |   340 |   146 ||   832
 Fire: Blowgun           |       |       |     2 |     5 |    15 ||    22
 Cast: Beastly Appendage |     6 |       |       |       |       ||     6
       Sticks to Snakes  |     3 |     2 |     1 |     1 |       ||     7
       Spider Form       |       |     6 |     9 |     9 |       ||    24
       Blade Hands       |       |       |       |    27 |    15 ||    42
       Ice Form          |       |       |       |     1 |     1 ||     2
Invok: Slouch            |       |       |       |     7 |     8 ||    15
       Temporal Distorti |       |       |       |     1 |     3 ||     4
       Step From Time    |       |       |       |       |     1 ||     1
 Abil: End Transformatio |       |       |     1 |     2 |     3 ||     6
       Evoke Teleportati |       |       |       |     1 |     2 ||     3
       Evoke Invisibilit |       |       |       |       |     2 ||     2
Evoke: Wand              |       |     9 |    11 |     2 |     6 ||    28
  Use: Scroll            |     3 |     7 |     4 |    12 |     4 ||    30
       Potion            |       |       |     4 |     2 |     4 ||    10
 Stab: Paralysed         |       |       |    12 |       |     3 ||    15
       Sleeping          |       |       |       |     1 |       ||     1
       Invisible         |       |       |       |       |     2 ||     2
       Distracted        |       |       |       |       |     1 ||     1
  Eat: Pizza             |       |     1 |     1 |     1 |       ||     3
       Chunk             |       |       |     2 |       |     3 ||     5
       Bread ration      |       |       |       |     1 |       ||     1
       Beef jerky        |       |       |       |     1 |       ||     1
       Meat ration       |       |       |       |     2 |     1 ||     3
